 Dungeon Crawl Stone Soup version 0.25-a0-2-g6559c6c67a (webtiles) character file.

Game seed: 256538843105142380, levelgen mode: deterministic

9084 Gargoyl the Cleaver (level 11, 0/92 HPs)
             Began as a Centaur Abyssal Knight on Oct 14, 2019.
             Was a High Priest of Lugonu.
             Slain by a spectral black mamba (12 damage)
             ... on level 8 of the Dungeon.
             The game lasted 00:20:07 (11176 turns).

Gargoyl the Cleaver (Centaur Abyssal Knight)       Turns: 11176, Time: 00:20:08

Health: 0/92       AC: 11    Str: 19    XL:     11   Next: 18%
Magic:  16/16      EV: 17    Int: 11    God:    Lugonu [*****.]
Gold:   436        SH:  0    Dex: 11    Spells: 10/10 levels left

rFire    + + .     SeeInvis .   D - +1 war axe (vamp)
rCold    + . .     Gourm    .   (no shield)
rNeg     . . .     Faith    .   e - +4 leather armour of the Poles {rF+ MR+ Regen+}
rPois    +         Spirit   .   g - +0 helmet
rElec    .         Reflect  .   p - scarf {rC+ rF+}
rCorr    .         Harm     .   x - +0 pair of gloves {Str+3}
MR       +....                  (no barding)
Stlth    +.........             (no amulet)
HPRegen  0.65/turn              u - ring of poison resistance
MPRegen  0.15/turn              F - +6 ring of evasion

@: heavily drained, very quick
A: large, hooves 3, deformed body, speed 2, tough skin 3
a: Depart the Abyss, Bend Space, Banish, Corrupt, Enter the Abyss, Renounce
Religion


You were on level 8 of the Dungeon.
You worshipped Lugonu.
Lugonu was extremely pleased with you.
You were not hungry.

You visited 2 branches of the dungeon, and saw 10 of its levels.
You visited the Abyss 1 time.
You also visited: Sewer.

You collected 436 gold pieces.

Inventory:

Hand Weapons
 a - a +1 hand axe
 h - a +1 war axe
 D - a +1 vampiric war axe (weapon)
Armour
 e - the +4 leather armour of the Poles (worn) {rF+ MR+ Regen+}
   (You found it on level 5 of the Dungeon)

   It protects you from fire.
   It affects your resistance to hostile enchantments.
   It increases your rate of regeneration.
 g - a +0 helmet (worn)
 p - a scarf of resistance (worn)
 x - a +0 pair of gloves of strength (worn)
Jewellery
 d - an uncursed ring of see invisible
 u - a ring of poison resistance (left hand)
 y - the ring "Pefubb" {rC+ Stlth-}
   (You found it on level 8 of the Dungeon)

   [ring of attention]

   It protects you from cold.
   It makes you less stealthy.
 F - a +6 ring of evasion (right hand)
Wands
 v - a wand of digging (5)
 z - a wand of flame (13)
 H - a wand of random effects (12)
Scrolls
 i - a scroll of identify
 j - 3 scrolls of remove curse
 k - 6 scrolls of teleportation
 s - a scroll of magic mapping
Potions
 b - 4 potions of curing
 f - 4 potions of heal wounds
 n - a potion of haste {unknown}
 o - a potion of ambrosia {unknown}
 r - 2 potions of brilliance {unknown}
 t - 3 potions of invisibility {unknown}
 w - a potion of magic {unknown}
 A - 2 potions of resistance {unknown}
 B - a potion of mutation {unknown}
 G - a potion of agility {unknown}
Comestibles
 c - 11 rations


   Skills:
 + Level 7.1(4.7) Fighting
 + Level 8.3(5.9) Axes
 * Level 6.6(4.3) Armour
 * Level 6.4(4.1) Dodging
 * Level 7.7(5.3) Invocations
 + Level 0.1(0.0) Evocations


You had 10 spell levels left.
You didn't know any spells.
Your spell library contained the following spells:

 Spells                   Type           Power        Failure   Level  Hunger
 Freeze                   Ice            #...         38%         1    ##.....
 Throw Frost              Conj/Ice       #.....       52%         2    ###....
 Ozocubu's Armour         Chrm/Ice       #.......     77%         3    ####...
 Summon Ice Beast         Ice/Summ       #.......     99%         4    #####..
 Throw Icicle             Conj/Ice       #.......     99%         4    #####..


Dungeon Overview and Level Annotations

Branches:
Dungeon (9/15)             Temple (0/1) D:5            Lair (1/6) D:8
  Sewer (visited)
    Orc: D:9-12

Altars:
Ashenzari
Cheibriados
Dithmenos
Elyvilon
Fedhas
Hepliaklqana
Nemelex Xobeh
Yredelemnul

Shops:
D:7 (

Annotations:
D:3 1 runed translucent door
Lair:1 anet's ghost, novice DEWz
Abyss:1 Sonja


Innate Abilities, Weirdness & Mutations

You have hooves in place of feet.
Armour fits poorly on your strangely shaped body.
You cover ground very quickly.
You have extremely tough skin. (AC +3)


Message History

The spectral black mamba is heavily damaged.
The spectral black mamba completely misses you.
The spectral black mamba bites you.
You feel drained.
You closely miss the spectral black mamba.
The spectral black mamba is heavily damaged.
The spectral black mamba barely misses you.
The spectral black mamba bites you but does no damage.
You barely miss the spectral black mamba.
Your kick misses the spectral black mamba.
The spectral black mamba is heavily damaged.
The spectral black mamba bites you!
* * * LOW HITPOINT WARNING * * *
The spectral black mamba misses you.
You barely miss the spectral black mamba.
Your kick misses the spectral black mamba.
The spectral black mamba is heavily damaged.
The spectral black mamba bites you!
* * * LOW HITPOINT WARNING * * *
The spectral black mamba bites you!
You die...

#..........#..#
#..........#..#
##.........#...
#..........#...
####..........#.#.
#..........[..#.#.
#.##..##......#.##
#Z######......#..#
#@##..#<#..#..#..#
####......######..
##.....### #..
##......#####.
###....#.#"#.
##...#.#.##
#......#..#
#....<.#.(#
#......#...


You could see a spectral black mamba.

Vanquished Creatures
  A cyclops (D:8)
  The ghost of Tagedieb the Vexing, a novice NaEn of Wu Jian (D:3)
  3 spiny frogs (Lair:1)
  A komodo dragon (Lair:1)
  4 blink frogs (Lair:1)
  2 hippogriffs
  A spectral black mamba (D:8)
  Sigmund (D:4)
  Grum (Lair:1)
  3 hungry ghosts
  Edmund (D:4)
  2 water moccasins
  Purgy (Sewer)
  An ice beast (D:7)
  4 ogres
  4 wolves
  2 centaurs
  2 crocodiles (D:8)
  6 bullfrogs
  A wyvern zombie (D:7)
  6 scorpions
  17 killer bees
  3 wights
  2 howler monkeys (D:7)
  A crimson imp (D:7)
  2 centaur zombies
  A hound (D:3)
  2 orc priests (D:4)
  A bullfrog skeleton (D:7)
  3 jellies
  2 orc wizards
  3 iguanas
  Ijyb (D:3)
  2 hell rats (Lair:1)
  2 worker ants (D:4)
  2 hound skeletons
  7 gnolls
  7 adders
  A howler monkey skeleton (D:8)
  8 river rats (Lair:1)
  An ooze (D:1)
  2 adder zombies
  An adder skeleton (D:8)
  5 worms
  3 dart slugs (D:1)
  4 leopard geckos
  20 orcs
  A ball python (D:6)
  11 giant cockroaches
  7 goblins
  11 hobgoblins
  5 jackals
  5 quokkas
  8 bats
  10 frilled lizards
  5 kobolds
  A leopard gecko skeleton (D:6)
  A quokka skeleton (D:4)
  A quokka zombie (D:5)
  8 rats
225 creatures vanquished.

Vanquished Creatures (others)
  2 hydras
  2 hornets (D:8)
  A fungus (Lair:1)
5 creatures vanquished.

Grand Total: 230 creatures vanquished

Notes
Turn   | Place    | Note
-------+----------+-------------------------------------------
     0 | Abyss:1  | Gargoyl the Centaur Abyssal Knight began the quest for the
                  | Orb.
     0 | Abyss:1  | Reached XP level 1. HP: 19/19 MP: 2/2
    21 | Abyss:1  | Noticed a neqoxec
    38 | D:1      | Escaped the Abyss
    83 | D:1      | Reached * piety under Lugonu
   108 | D:1      | Reached XP level 2. HP: 23/26 MP: 3/3
   264 | D:1      | Reached skill level 1 in Dodging
   352 | D:1      | Reached skill level 2 in Axes
   482 | D:1      | Reached XP level 3. HP: 31/31 MP: 4/4
   789 | D:2      | Reached ** piety under Lugonu
   827 | D:2      | Found a sparkling altar of Nemelex Xobeh.
   914 | D:2      | Found a blossoming altar of Fedhas.
  1454 | D:3      | Found a runed translucent door.
  1457 | D:3      | Noticed Tagedieb's ghost (novice NaEn)
  1632 | D:2      | Reached XP level 4. HP: 36/39 MP: 5/5
  2308 | D:3      | Killed Tagedieb's ghost
  2308 | D:3      | Reached skill level 3 in Axes
  2308 | D:3      | Reached XP level 5. HP: 46/46 MP: 5/7
  2308 | D:3      | Reached XP level 6. HP: 52/52 MP: 5/8
  2321 | D:3      | Found a runed translucent door.
  2519 | D:3      | Found a shattered altar of Ashenzari.
  2862 | D:3      | Reached XP level 7. HP: 28/59 MP: 9/9
  3051 | D:4      | Reached *** piety under Lugonu
  3237 | D:4      | Noticed Ijyb
  3491 | D:3      | Killed Ijyb
  3980 | D:4      | Noticed Sigmund
  3997 | D:4      | Killed Sigmund
  3997 | D:4      | Reached skill level 4 in Axes
  4233 | D:4      | Noticed Edmund
  4552 | D:4      | Killed Edmund
  4552 | D:4      | Reached XP level 8. HP: 20/67 MP: 11/11
  5389 | D:5      | Entered Level 5 of the Dungeon
  5408 | D:5      | Found a staircase to the Ecumenical Temple.
  5636 | D:5      | Got a pitted leather armour
  5647 | D:5      | Identified the +4 leather armour of the Poles {rF+ MR+
                  | Regen+} (You found it on level 5 of the Dungeon)
  5745 | D:5      | Found a shadowy altar of Dithmenos.
  5745 | D:5      | Found a white marble altar of Elyvilon.
  5746 | D:5      | Found a basalt altar of Yredelemnul.
  6027 | D:6      | Reached skill level 5 in Armour
  6095 | D:6      | Found a glowing drain.
  6109 | Sewer    | Entered a sewer
  6172 | Sewer    | Noticed Purgy
  6195 | Sewer    | Killed Purgy
  6230 | Sewer    | Reached **** piety under Lugonu
  6296 | D:6      | Reached skill level 5 in Axes
  6383 | D:6      | Reached skill level 5 in Invocations
  6960 | D:7      | Reached skill level 5 in Fighting
  6979 | D:7      | Reached XP level 9. HP: 65/74 MP: 12/12
  7580 | D:7      | Reached skill level 6 in Axes
  7805 | D:7      | Found Giash's Antique Weapon Emporium.
  7864 | D:7      | Found a snail-covered altar of Cheibriados.
  8203 | D:8      | Paralysed by a hornet for 3 turns
  8285 | D:8      | Noticed a six-headed hydra
  8304 | D:8      | Banished a six-headed hydra
  8309 | D:8      | Reached XP level 10. HP: 62/83 MP: 9/14
  8373 | D:8      | Reached skill level 5 in Dodging
  8488 | D:8      | Reached skill level 7 in Axes
  8624 | D:8      | Found a staircase to the Lair.
  8692 | D:8      | Noticed a cyclops
  8701 | D:8      | Killed a cyclops
  8792 | D:8      | Got a flickering lead ring
  8794 | D:8      | Identified the ring "Pefubb" {rC+ Stlth-} (You found it on
                  | level 8 of the Dungeon)
  9379 | Lair:1   | Entered Level 1 of the Lair of Beasts
  9382 | Lair:1   | Noticed Sonja
  9403 | D:8      | Reached ***** piety under Lugonu
  9563 | Lair:1   | Banished Sonja
  9746 | Lair:1   | Noticed a spiny frog
  9763 | Lair:1   | Killed a spiny frog
  9974 | Lair:1   | Noticed Grum
 10164 | Lair:1   | Killed Grum
 10334 | Lair:1   | Found a hazy altar of Hepliaklqana.
 10350 | Lair:1   | Noticed a six-headed hydra
 10350 | Lair:1   | Noticed a spiny frog
 10351 | Lair:1   | Banished a six-headed hydra
 10364 | Lair:1   | Killed a spiny frog
 10364 | Lair:1   | Reached skill level 8 in Axes
 10403 | Lair:1   | Found a runed translucent gate.
 10404 | Lair:1   | Found a runed translucent gate.
 10405 | Lair:1   | Found a runed translucent gate.
 10407 | Lair:1   | Noticed a spiny frog
 10416 | Lair:1   | Killed a spiny frog
 10416 | Lair:1   | Reached XP level 11. HP: 68/91 MP: 16/16
 10719 | Lair:1   | Noticed anet's ghost (novice DEWz)
 11176 | D:8      | Slain by a spectral black mamba

Levels and vault maps discovered:
D:1:      sevenhm_arrival_forest_fort_small_1, layout_rooms,
          minmay_stone_trees_medium, minmay_misc_feat_diagonals
D:2:      layout_rooms, nicolae_overflow_crystal_walls, fedhas_altar_4
D:3:      layout_basic, cheibrodos_ashenzari_chains, ebering_ghost_sewer_f
D:4:      layout_cave_pools, uniq_edmund, uniq_ijyb, uniq_sigmund
D:5:      layout_rooms, grunt_temple_overflow_open, temple_pool_b, first_ration
D:6:      layout_gridville, cheibrodos_sewer_entry_drain
D:7:      layout_loops_corners, slow_altar_2, serial_shops,
          kennysheep_mini_moat, grunt_ogre_cave
D:8:      minmay_tri_box, layout_cave_pools, lair_entry_dummy
D:9:      layout_basic, uniq_erica
Lair:1:   layout_regular_city, gammafunk_ghost_necromancy, basic_altar,
          minivault_19, kennysheep_rathole, uniq_grum, uniq_sonja

Skill      XL: |  1  2  3  4  5  6  7  8  9 10 11 |
---------------+----------------------------------+-----
Dodging        | 1 2 3 4 6 |  6.4
Axes           | 2 3 4 5 6 8 |  8.3
Armour         | 2 3 4 5 6 |  6.6
Fighting       | 4 5 6 7 |  7.1
Invocations    | 3 4 5 6 7 |  7.7
Evocations     | |  0.1

Action                   |  1- 3 |  4- 6 |  7- 9 | 10-12 || total
-------------------------+-------+-------+-------+-------++-------
Melee: Hand axe          |   141 |   102 |   537 |       ||   780
       Kick              |    23 |    13 |   131 |    85 ||   252
       War axe           |       |       |       |   317 ||   317
Invok: Depart the Abyss  |     1 |       |       |       ||     1
       Banish            |       |       |     2 |     3 ||     5
       Bend Space        |       |       |       |     1 ||     1
Evoke: Wand              |       |       |    13 |     3 ||    16
  Use: Scroll            |     8 |     1 |     3 |     6 ||    18
       Potion            |       |     2 |     2 |     1 ||     5
  Eat: Chunk             |     1 |     3 |    19 |     7 ||    30
       Ration            |       |       |     4 |     2 ||     6
Armor: Leather armour    |     9 |       |   248 |   223 ||   480
       Chain mail        |   123 |    62 |   141 |       ||   326
       Skin              |       |    12 |     6 |       ||    18
Dodge: Dodged            |    59 |    30 |   275 |   342 ||   706

Table legend:
 A = Non-vault XP
 B = Vault XP
 C = Vault XP percentage of total XP
 D = Non-vault monster count
 E = Vault monster count
 F = Vault count percentage of total count
                 A         B        C        D         E       F
            +---------+---------+-------+---------+---------+-------
      Total |    8996 |    3982 |  30.7 |     190 |      40 |  17.4
            +---------+---------+-------+---------+---------+-------
        D:1 |      49 |       0 |   0.0 |      22 |       0 |   0.0
        D:2 |      56 |       0 |   0.0 |      20 |       0 |   0.0
        D:3 |     156 |     499 |  76.2 |      27 |       5 |  15.6
        D:4 |     464 |     395 |  46.0 |      20 |       2 |   9.1
        D:5 |     183 |       0 |   0.0 |      17 |       0 |   0.0
        D:6 |     612 |       7 |   1.1 |      19 |       2 |   9.5
        D:7 |    1916 |     130 |   6.4 |      27 |       2 |   6.9
        D:8 |    1928 |    1658 |  46.2 |      26 |       6 |  18.8
     Lair:1 |    3632 |    1146 |  24.0 |      12 |      17 |  58.6
      Sewer |       0 |     147 | 100.0 |       0 |       6 | 100.0
            +---------+---------+-------+---------+---------+-------
